 Dungeon Crawl Stone Soup version 0.31-a0-152-g6aa68a64a1 (webtiles) character file.

Game seed: 9304679921060866128

272 qw the Shooter (level 6, -8/47 (53) HPs)
             Began as a Minotaur Hunter on June 9, 2023.
             Mangled by a wight
             ... wielding a +0 morningstar
              (12 damage)
             ... on level 6 of the Dungeon.
             The game lasted 00:00:38 (1772 turns).

qw the Shooter (Minotaur Hunter)                    Turns: 1772, Time: 00:00:38

HP:   -8/47 (53)    AC:  9    Str: 15    XL:     6   Next: 2%
MP:   5/5           EV: 11    Int:  6    God:
Gold: 50            SH:  0    Dex: 16    Spells: 5/5 levels left

rFire   . . .        Y - +0 shortbow
rCold   . . .        (shield currently unavailable)
rNeg    . . .        f - +0 ring mail
rPois   +            (helmet restricted)
rElec   .            (no cloak)
rCorr   .            (no gloves)
SInv    .            (no boots)
Will    .....        (no amulet)
Stlth   +            k - ring of poison resistance
HPRegen 0.27/turn    b - +4 ring of protection
MPRegen 0.09/turn

%: no passive effects
@: heavily drained
A: horns 2, retaliatory headbutt
a: no special abilities


You were on level 6 of the Dungeon.
You visited 1 branch of the dungeon, and saw 4 of its levels.

You collected 50 gold pieces.


Innate Abilities, Weirdness & Mutations

You have a pair of horns on your head.
You reflexively headbutt those who attack you in melee.


   Skills:
 - Level 4.3 Fighting
 + Level 7.1 Ranged Weapons
 - Level 1.0 Armour
 - Level 2.1 Dodging
 - Level 0.7 Stealth


You had 5 spell levels left.
You didn't know any spells.
Your spell library was empty.

Inventory:

Hand Weapons
 Y - a +0 shortbow (weapon)
Armour
 f - a +0 ring mail (worn)
Jewellery
 b - a +4 ring of protection (right hand)
 k - a ring of poison resistance (left hand)
Scrolls
 g - a scroll of immolation {unknown}
Potions
 a - a potion of resistance {unknown}
 c - a potion of might {unknown}
 d - a potion of heal wounds {unknown}
 e - a potion of haste {unknown}
 h - a potion of attraction {unknown}
 i - a potion of brilliance {unknown}
 j - a potion of lignification {unknown}

Dungeon Overview and Level Annotations

Branches:
Dungeon (6/15)
 Temple: D:4-7

Altars:
Cheibriados

Shops:
D:1 ((:   D:2 [

Annotations:
D:3 2 runed translucent doors


Message History

You feel drained.
You shoot an arrow.
The arrow hits the wight but does no damage.
The wight is moderately damaged.
The wight hits you with a +0 morningstar.
You feel drained.
You shoot an arrow. The arrow closely misses the wight.
The wight hits you but does no damage.
You shoot an arrow.
The arrow hits the wight but does no damage.
The wight is moderately damaged.
The wight hits you with a +0 morningstar.
You feel drained.
You shoot an arrow.
The arrow hits the wight but does no damage.
The wight is moderately damaged.
The wight hits you with a +0 morningstar.
You shoot an arrow.
The arrow hits the wight but does no damage.
The wight is moderately damaged.
The wight hits you with a +0 morningstar!
You feel drained.
You shoot an arrow. The arrow hits the wight.
The wight is heavily damaged.
The wight hits you with a +0 morningstar!
You shoot an arrow. The arrow closely misses the wight.
The wight hits you with a +0 morningstar!
You shoot an arrow.
The arrow hits the wight but does no damage.
The wight is heavily damaged.
The wight closely misses you.
You shoot an arrow.
The arrow hits the wight but does no damage.
The wight is heavily damaged.
The wight hits you but does no damage. The wight barely misses you.
You shoot an arrow.
The arrow hits the wight but does no damage.
The wight is heavily damaged.
The wight hits you with a +0 morningstar!
You die...

....(...#
#######.# #%#
#.######
#.##...#
#.##...#
#......#
#......#
#.....@#
#......z......
..........#.....
..........# ....
...........# ...
...........# ..
########### .


You could see a wight.

Vanquished Creatures
  An ice beast (D:6)
  Blork the orc (D:6)
  A wight (D:6)
  2 adders
  An orc (D:2)
  4 bats
  6 endoplasms
  3 giant cockroaches
  6 hobgoblins
  2 jackals (D:1)
  6 ball pythons
  5 frilled lizards
  2 goblins (D:2)
  A kobold (D:3)
  A rat (D:1)
42 creatures vanquished.

Notes
Turn   | Place    | Note
-------+----------+-------------------------------------------
     0 | D:1      | qw the Minotaur Hunter began the quest for the Orb.
     0 | D:1      | Reached XP level 1. HP: 18/18 MP: 0/0
     0 | D:1      | 0 ||| qw: Version: 0.2-a-122-gbc61b45
     0 | D:1      | 0 ||| qw: Game counter: 3437
     0 | D:1      | 0 ||| qw: Always use a shield: true
     0 | D:1      | 0 ||| qw: God list: Okawaru
     0 | D:1      | 0 ||| qw: Allow faded altars: false
     0 | D:1      | 0 ||| qw: Do Orc after D:15 true
     0 | D:1      | 0 ||| qw: Do second Lair branch before Depths: true
     0 | D:1      | 0 ||| qw: Lair rune preference: random
     0 | D:1      | 0 ||| qw: Plans: Normal
     0 | D:1      | 0 ||| PLANNING D:1-11
    14 | D:1      | Found Vomotom's Book Boutique.
    84 | D:1      | Reached XP level 2. HP: 25/25 MP: 1/1
   224 | D:1      | Reached skill level 5 in Ranged Weapons
   258 | D:1      | Found Derruf's Antique Weapon Boutique.
   275 | D:1      | Found Binuw Bebil's Weapon Shop.
   511 | D:1      | Reached skill level 3 in Fighting
   603 | D:1      | 603 ||| UPGRADING to +0 ring mail.
   613 | D:1      | 613 ||| DROPPING +0 leather armour.
   614 | D:1      | 614 ||| UPGRADING to ring of poison resistance.
   615 | D:1      | 615 ||| READING scroll labelled ZORERUCOUST.
   616 | D:1      | 616 ||| READING scroll labelled OQONWO CILEIZ.
   617 | D:1      | 617 ||| READING scroll labelled SYLEIG MOSERYUR.
   618 | D:1      | 618 ||| READING scroll labelled FOMPO PAIGAU.
   619 | D:1      | 619 ||| READING scroll labelled MUPNIT ZANGOSI.
   620 | D:1      | 620 ||| DROPPING scroll of butterflies.
   719 | D:2      | Found Ketir's Antique Armour Shoppe.
   730 | D:2      | 730 ||| SHOPLISTING pair of boots (117 gold, have 14).
   730 | D:2      | 730 ||| SHOPLISTING pair of gloves (117 gold, have 14).
   798 | D:2      | Reached skill level 1 in Armour
   836 | D:2      | Reached XP level 3. HP: 31/31 MP: 2/2
   894 | D:2      | Found a faded altar of an unknown god.
   970 | D:2      | Found a snail-covered altar of Cheibriados.
  1410 | D:2      | 1410 ||| UPGRADING to +4 ring of protection.
  1411 | D:2      | 1411 ||| READING scroll labelled WEFUOTHUNA.
  1493 | D:3      | Found a large runed translucent door.
  1498 | D:3      | Found a large runed translucent door.
  1507 | D:3      | You fall into a shaft and drop 3 floors!
  1558 | D:6      | Noticed an ice beast
  1572 | D:6      | Killed an ice beast
  1573 | D:6      | Reached skill level 6 in Ranged Weapons
  1573 | D:6      | Reached XP level 4. HP: 26/38 MP: 3/3
  1573 | D:6      | Reached XP level 5. HP: 31/45 MP: 4/4
  1622 | D:6      | Noticed Blork the orc
  1634 | D:6      | Killed Blork the orc
  1758 | D:6      | Reached skill level 7 in Ranged Weapons
  1758 | D:6      | Reached XP level 6. HP: 53/53 MP: 5/5
  1768 | D:6      | HP: 10/47 [wight/+0 morningstar (12)]
  1769 | D:6      | HP: 3/47 [wight/+0 morningstar (7)]
  1772 | D:6      | Mangled by a wight

Levels and vault maps discovered:
D:1:      minmay_arrival_shattered_statue, layout_loops_ring, serial_shops,
          shop, nicolae_diamond_shop, shop, hangedman_abyss_or_decor_stabs
D:2:      layout_loops_corners, basic_altar, chequers_ecumenical_altar_simple,
          serial_shops, shop, minmay_misc_feat_chi
D:3:      layout_rooms, ebering_ghost_disaster_area, uniq_ijyb
D:6:      layout_basic, minmay_manual_moon, uniq_blork_the_orc, uniq_duvessa,
          uniq_prince_ribbit1

Skill      XL: |  1  2  3  4  5 |
---------------+----------------+-----
Ranged Weapons | 5 6 7 |  7.1
Fighting       | 3 4 |  4.3
Armour         | 1 |  1.0
Dodging        | |  2.1
Stealth        | |  0.7

Action                     |  1- 3 |  4- 6 || total
---------------------------+-------+-------++-------
   Fire: Shortbow          |   105 |    36 ||   141
    Use: Scroll            |     6 |       ||     6
 Armour: Leather armour    |     4 |       ||     4
         Ring mail         |    16 |     4 ||    20
  Dodge: Dodged            |    24 |     9 ||    33

Table legend:
 A = Non-vault XP
 B = Vault XP
 C = Vault XP percentage of total XP
 D = Non-vault monster count
 E = Vault monster count
 F = Vault count percentage of total count
                 A         B        C        D         E       F
            +---------+---------+-------+---------+---------+-------
      Total |     289 |     100 |  25.7 |      41 |       1 |   2.4
            +---------+---------+-------+---------+---------+-------
        D:1 |      29 |       0 |   0.0 |      18 |       0 |   0.0
        D:2 |      25 |       0 |   0.0 |      15 |       0 |   0.0
        D:3 |      20 |       0 |   0.0 |       5 |       0 |   0.0
        D:6 |     215 |     100 |  31.7 |       3 |       1 |  25.0
            +---------+---------+-------+---------+---------+-------
